 Dungeon Crawl Stone Soup version 0.26-a0-1184-g95e395e029 (webtiles) character file.

Game seed: 2748089576988178176

431 runemasterragnar the Skirmisher (level 6, -6/56 HPs)
             Began as a Minotaur Delver on Dec 27, 2020.
             Splashed by a jelly's acid (7 damage)
             ... on level 6 of the Dungeon.
             The game lasted 00:02:01 (891 turns).

runemasterragnar the Skirmisher (Minotaur Delver)    Turns: 891, Time: 00:02:02

Health: -6/56      AC: -6    Str: 18    XL:     6   Next: 66%
Magic:  5/5        EV: 12    Int:  7    God:
Gold:   22         SH:  0    Dex: 12    Spells: 5/5 levels left

rFire    . . .     SeeInvis .   h - +2 long sword (vorpal)
rCold    . . .     Faith    .   (no shield)
rNeg     . . .     Spirit   .   l - +0 ring mail
rPois    .         Reflect  .   (helmet restricted)
rElec    .         Harm     .   (no cloak)
rCorr    .         Rampage  .   (no gloves)
Will     .....                  (no boots)
Stlth    ++........             (no amulet)
HPRegen  0.18/turn              (no ring)
MPRegen  0.09/turn              (no ring)

@: corroded
A: retaliatory headbutt, horns 2
a: no special abilities


You were on level 6 of the Dungeon.
You visited 1 branch of the dungeon, and saw 2 of its levels.

You collected 22 gold pieces.

Inventory:

Hand Weapons
 a - a +0 hand axe
 h - a +2 vorpal long sword (weapon)
 p - a +0 scythe
 q - a +0 shortbow
Missiles
 r - 18 arrows
Armour
 l - a +0 ring mail (worn)
Jewellery
 n - an uncursed ring of poison resistance {unknown}
Wands
 g - a wand of digging (3)
 i - a wand of paralysis (1)
Scrolls
 c - 3 scrolls of fog
 d - a scroll of magic mapping
 e - 2 scrolls of fear
 k - a scroll of remove curse {unknown}
Potions
 b - a potion of brilliance {unknown}
 f - a potion of haste
 j - 2 potions of curing
 m - a potion of heal wounds {unknown}
 o - a potion of degeneration {unknown}


   Skills:
 + Level 5.1 Fighting
 - Level 0.2 Long Blades
 - Level 2.4 Axes
 + Level 3.0 Armour
 + Level 3.7 Dodging
 - Level 4.8 Stealth
 + Level 2.7 Unarmed Combat
 + Level 2.2 Evocations


You had 5 spell levels left.
You didn't know any spells.
Your spell library contained the following spells:

 Spells                   Type           Power        Failure   Level
 Confusing Touch          Hex            0%           94%         3
 Gell's Gravitas          Tloc           0%           94%         3
 Petrify                  Tmut/Erth      0%           100%        4
 Metabolic Englaciation   Hex/Ice        0%           100%        5
 Yara's Violent Unravell  Hex/Tmut       0%           100%        5


Dungeon Overview and Level Annotations

Branches:
Dungeon (6/15)
 Temple: D:4-7

Altars:
Cheibriados
Ru

Shops:
D:5 !   D:6 *


Innate Abilities, Weirdness & Mutations

You reflexively headbutt those who attack you in melee.
You have a pair of horns on your head.


Message History

The jelly is heavily wounded.
The jelly hits you but does no damage. The jelly hits you.
The acid corrodes you!
You are splashed with acid!
You hit the jelly. The acid corrodes you!
Your hands burn!
* * * LOW HITPOINT WARNING * * *
The jelly is severely wounded.
The jelly hits you.
* * * LOW HITPOINT WARNING * * *
The acid corrodes you!
You are splashed with acid!
* * * LOW HITPOINT WARNING * * *
Unknown command.
Evoke which item? (* to show all) (? for menu, Esc to quit)
Aiming: Paralyse
Press: ? - help, Shift-Dir - straight line, f - jelly
Aim: a jelly (severely wounded, chance to affect: 61%)
The jelly resists with significant effort.
The jelly hits you.
* * * LOW HITPOINT WARNING * * *
The acid corrodes you!
You are splashed with acid!
You die...

########## #........#
#........####
########...........#
#.....##...........#
#.....#####........#
###.∩J@.#####.....)..##
.............'..........
....##########..........
... #.......... .
####..........
#.)...........
#.............
+.............
###.............


You could see a jelly.

Vanquished Creatures
  Sigmund (D:5)
  A centaur (D:6)
  A scorpion (D:6)
  2 hounds
  An orc wizard (D:6)
  Ijyb (D:5)
  An adder (D:5)
  2 white imps
  An ufetubus (D:5)
  An adder zombie (D:6)
  A dart slug (D:5)
13 creatures vanquished.

Notes
Turn   | Place    | Note
-------+----------+-------------------------------------------
     0 | D:5      | runemasterragnar the Minotaur Delver began the quest for
                  | the Orb.
     0 | D:5      | Reached XP level 1. HP: 19/19 MP: 0/0
     0 | D:5      | Found Dewkugh's Distillery.
     4 | D:5      | Noticed Ijyb
    20 | D:5      | Killed Ijyb
    21 | D:5      | Reached XP level 2. HP: 24/27 MP: 1/1
    21 | D:5      | Reached XP level 3. HP: 30/33 MP: 2/2
    69 | D:5      | Found a snail-covered altar of Cheibriados.
   229 | D:5      | Found a sacrificial altar of Ru.
   274 | D:5      | Reached skill level 4 in Fighting
   275 | D:5      | Reached skill level 1 in Armour
   275 | D:5      | Reached XP level 4. HP: 21/40 MP: 3/3
   445 | D:5      | Noticed Sigmund
   454 | D:5      | Killed Sigmund
   455 | D:5      | Reached skill level 1 in Evocations
   455 | D:5      | Reached XP level 5. HP: 25/47 MP: 4/4
   711 | D:6      | Reached XP level 6. HP: 55/55 MP: 5/5
   749 | D:6      | Reached skill level 5 in Fighting
   881 | D:6      | Found Leruacif's General Store.
   891 | D:6      | HP: 1/56 [jelly (3)]
   891 | D:6      | Splashed by a jelly's acid

Illustrated notes

Levels and vault maps discovered:
D:5:      layout_basic, nicolae_ru_sacrificial_ziggurat, kennysheep_slug_shrine,
          serial_shops, shop, uniq_ijyb, uniq_sigmund
D:6:      layout_basic, gammafunk_temple_overflow_claw, serial_shops, shop,
          shop, shop

Skill      XL: |  1  2  3  4  5  6 |
---------------+-------------------+-----
Fighting       | 4 5 |  5.1
Armour         | 1 2 3 |  3.0
Dodging        | 3 |  3.7
Unarmed Combat | 2 |  2.7
Evocations     | 1 2 |  2.2
Long Blades    | |  0.2
Axes           | |  2.4
Stealth        | |  4.8

Action                   |  1- 3 |  4- 6 || total
-------------------------+-------+-------++-------
Melee: Long sword        |    22 |    27 ||    49
       Headbutt          |     5 |    10 ||    15
       Punch             |       |     1 ||     1
Evoke: Wand              |       |     1 ||     1
  Use: Potion            |     1 |       ||     1
 Stab: Sleeping          |       |     2 ||     2
Armor: Ring mail         |     9 |     6 ||    15
Dodge: Dodged            |    23 |    15 ||    38
       Rpst.: Long sword |     9 |     3 ||    12

Table legend: (Time is in decaauts)
 A = Elapsed time spent in this place.
 B = Non-inter-level travel time spent in this place.
 C = Inter-level travel time spent in this place.
 D = Time resting spent in this place.
 E = Time spent auto-exploring this place.
 F = Levels seen in this place.
 G = Mean time per level.
                   A        B        C        D        E       F      G
               +--------+--------+--------+--------+--------+-----+--------+
         Total |    910 |    910 |      0 |      0 |    678 |   2 |  455.0 |
       Dungeon |    910 |    910 |      0 |      0 |    678 |   2 |  455.0 |
               +--------+--------+--------+--------+--------+-----+--------+

Top non-repeatable levels by time:
     D:5: 717 daAuts
     D:6: 193 daAuts
